 Dungeon Crawl Stone Soup version 0.29.1-2-gbd0b4ee654 (webtiles) character file.

Game seed: 11418085762374895136

102 safid the Shooter (level 4, 0/61 HPs)
             Began as a Minotaur Hunter on Nov 4, 2022.
             Succumbed to a scorpion's poison
             ... on level 3 of the Dungeon.
             The game lasted 00:01:37 (1640 turns).

safid the Shooter (Minotaur Hunter)                 Turns: 1640, Time: 00:01:38

Health: 0/61       AC:  3    Str: 13 (15) XL:     4   Next: 50%
Magic:  3/3        EV: 12    Int:  6      God:
Gold:   91         SH:  0    Dex: 14 (16) Spells: 3/3 levels left

rFire   . . .      SeeInvis .   a - +0 shortbow
rCold   . . .      Faith    .   (shield currently unavailable)
rNeg    . . .      Spirit   .   c - +0 leather armour
rPois   +          Reflect  .   (helmet restricted)
rElec   .          Harm     .   (no cloak)
rCorr   .          Rampage  .   (no gloves)
Will    .....                   (no boots)
Stlth   ..........              (no amulet)
HPRegen 0.20/turn               d - ring of poison resistance
MPRegen 0.08/turn               (no ring)

@: berserking, lethally poisoned (0 -> -6), very quick
A: horns 2, retaliatory headbutt
a: no special abilities


You were on level 3 of the Dungeon.
You visited 1 branch of the dungeon, and saw 3 of its levels.

You collected 91 gold pieces.

Inventory:

Hand Weapons
 a - a +0 shortbow (weapon)
Armour
 c - a +0 leather armour (worn)
Jewellery
 d - a ring of poison resistance (left hand)
Scrolls
 b - 2 scrolls of immolation
 e - a scroll of enchant armour {unknown}
 g - 3 scrolls of teleportation {unknown}
 j - a scroll of fear {unknown}
 l - a scroll of butterflies {unknown}
Potions
 f - a potion of attraction {unknown}
 i - a potion of curing {unknown}
 m - a potion of mutation {unknown}
 n - a potion of cancellation {unknown}
 o - a potion of haste {unknown}


   Skills:
 + Level 4.4 Fighting
 + Level 5.6 Ranged Weapons
 - Level 2.1 Dodging
 - Level 0.7 Stealth


You had 3 spell levels left.
You didn't know any spells.
Your spell library was empty.

Dungeon Overview and Level Annotations

Branches:
Dungeon (3/15)

Altars:

Shops:
D:2 (


Innate Abilities, Weirdness & Mutations

You have a pair of horns on your head.
You reflexively headbutt those who attack you in melee.


Message History

Aim: a scorpion (almost dead, 62% to hit)
You shoot an arrow. The arrow closely misses the scorpion.
You feel sick. The scorpion stings you.
You are lethally poisoned!
The scorpion poisons you!
Fire: a) +0 shortbow
Press: ? - help, Q - select action Shift-Dir - straight line, f/p - scorpion
Aim: a scorpion (almost dead, 62% to hit)
You shoot an arrow. The arrow barely misses the scorpion.
The arrow misses the kobold.
* * * LOW HITPOINT WARNING * * *
You feel very sick. The scorpion stings you.
* * * LOW HITPOINT WARNING * * *
The scorpion stings you but does no damage.
It was a potion of degeneration.
There was something very wrong with that liquid.
You feel weakened.
You feel dopey.
You feel clumsy.
* * * LOW HITPOINT WARNING * * *
You feel very sick. The scorpion barely misses you.
It was a potion of berserk rage.
A red film seems to cover your vision as you go berserk!
You feel yourself moving faster!
You feel mighty!
* * * LOW HITPOINT WARNING * * *
You feel sick. The scorpion misses you. You furiously retaliate!
You headbutt the scorpion!
You kill the scorpion!
The kobold throws a stone.
The stone barely misses you.
You feel your strength returning.
You feel your intelligence returning.
You feel your dexterity returning.
Your Fighting skill increases to level 4!
You have reached level 4!
You feel agile.
You are too berserk!
You feel a strong urge to attack something.
* * * LOW HITPOINT WARNING * * *
You feel sick.
You see here a scorpion corpse.
You die...

.. #.# # #.# #.# ....
#. #.# #.# ..... #. #.#
#.# #.... #.. #.# #
#.###)).. #..##.# .#.#
#.....# #.....##.....
....).# #..@K.......
..)...# ####†#####.
#.....# #.# #.....# #.#
#.....# #.# #.....# #.#
###'### #.# #.# #.#
#)#############.######.


You could see a kobold.

Vanquished Creatures
  A scorpion (D:3)
  An adder (D:2)
  6 orcs (D:3)
  A bat (D:1)
  An endoplasm (D:2)
  2 giant cockroaches
  5 goblins
  2 hobgoblins (D:2)
  2 quokkas (D:1)
  5 ball pythons
  2 kobolds (D:2)
28 creatures vanquished.

Notes
Turn   | Place    | Note
-------+----------+-------------------------------------------
     0 | D:1      | safid the Minotaur Hunter began the quest for the Orb.
     0 | D:1      | Reached XP level 1. HP: 18/18 MP: 0/0
     6 | D:1      | Noticed a black mamba
     6 | D:1      | Noticed a swamp worm
     7 | D:1      | Noticed a black bear
     7 | D:1      | Noticed an iguana
   429 | D:1      | Reached XP level 2. HP: 23/25 MP: 1/1
   464 | D:1      | Found a faded altar of an unknown god.
  1208 | D:2      | Reached skill level 5 in Ranged Weapons
  1305 | D:2      | Reached XP level 3. HP: 31/31 MP: 2/2
  1478 | D:2      | Found Aptac's Antique Weapon Shop.
  1630 | D:3      | Noticed a scorpion
  1638 | D:3      | HP: 1/49 [poisoned by a scorpion]
  1638 | D:3      | Killed a scorpion
  1639 | D:3      | Reached XP level 4. HP: 2/41 MP: 3/3
  1640 | D:3      | Succumbed to a scorpion's poison

Illustrated notes

Levels and vault maps discovered:
D:1:      onia_arrival_zoo_common, layout_basic, chequers_ecumenical_altar_grove
D:2:      layout_basic, serial_shops, nicolae_shop_behind_doors
D:3:      layout_basic, mainiacjoe_overflow_concentric_impassable, uniq_ijyb,
          uniq_sigmund

Skill      XL: |  1  2  3 |
---------------+----------+-----
Fighting       | 3 4 |  4.4
Ranged Weapons | 5 |  5.6
Dodging        | |  2.1
Stealth        | |  0.7

Action                   |  1- 3 |  4- 6 || total
-------------------------+-------+-------++-------
 Fire: Shortbow          |    59 |       ||    59
  Use: Potion            |     2 |       ||     2
Armor: Leather armour    |     4 |       ||     4
Dodge: Dodged            |    11 |       ||    11
